Cogmind - Beta 12 @@@ ROGUE MODE // 2023.05.05 @ 07:36:36 Player: Mr Goldstein Result: Self-destructed Performance ------------- Evolutions (4) 2000 Regions Visited (7) 1400 Robots Destroyed (9) 45 Value Destroyed (159) 159 Prototype IDs (1) 20 Alien Tech Used (0) 0 Bonus (270) 270 TOTAL SCORE: 3894 Bonus ------- Pacifist 270 Cogmind --------- Core Integrity 850/850 Matter 175/300 Energy 99/100 System Corruption 0% Temperature Cool (0) Movement Core (50) Location -6/Factory Parts ------- > --- POWER (2) -------- (None) > --- PROPULSION (2) --- Armored Treads Armored Treads > --- UTILITY (9) ------ (None) > --- WEAPON (2) ------- (None) > --- INVENTORY (5) ---- Armored Treads Medium Treads Precision Grenade Launcher Precision Grenade Launcher Heavy Mace Peak State ------------ > --- POWER ------------ (None) > --- PROPULSION ------- Armored Treads Armored Treads > --- UTILITY ---------- Improved Light Armor Plating > --- WEAPON ----------- Precision Grenade Launcher > --- INVENTORY -------- Armored Treads Precision Grenade Launcher Heavy Mace [Rating: 15] Favorites ----------- Power None Propulsion Light Treads Treads Light Treads Utility Improved Light Armor Plating Protection Improved Light Armor Plating Weapon Precision Grenade Launcher Launcher Precision Grenade Launcher Impact Weapon Heavy Mace Build | -11 -10 -10 -10 -9 -8 -7 -6 ------- Run | Jun Mat Min Exi Min Mat Fac Fac Slots Evolved 8 | . . . . . 4 2 2 Power 1 | . . . . . 1 . . Propulsion . | . . . . . . . . Utility 7 | . . . . . 3 2 2 Weapon . | . . . . . . . . Parts Attached 10 | 2 . . . . 3 5 . Power . | . . . . . . . . Engine . | . . . . . . . . Core . | . . . . . . . . Reactor . | . . . . . . . . Propulsion 4 | 2 . . . . . 2 . Treads 4 | 2 . . . . . 2 . Leg . | . . . . . . . . Wheel . | . . . . . . . . Hover . | . . . . . . . . Flight . | . . . . . . . . Utility 2 | . . . . . 1 1 . Device . | . . . . . . . . Storage . | . . . . . . . . Processor . | . . . . . . . . Hackware . | . . . . . . . . Protection 2 | . . . . . 1 1 . Artifact . | . . . . . . . . Weapon 4 | . . . . . 2 2 . Energy Gun . | . . . . . . . . Energy Cannon . | . . . . . . . . Ballistic Gun . | . . . . . . . . Ballistic Cannon . | . . . . . . . . Launcher 3 | . . . . . 2 1 . Special Weapon . | . . . . . . . . Impact Weapon 1 | . . . . . . 1 . Slashing Weapon . | . . . . . . . . Piercing Weapon . | . . . . . . . . Special Melee Weapon . | . . . . . . . . Unidentified Prototypes 1 | . . . . . 1 . . Parts Lost 2 | . . . . . 1 1 . Power . | . . . . . . . . Propulsion 1 | . . . . . 1 . . Utility 1 | . . . . . . 1 . Weapon . | . . . . . . . . Highest Loss Streak 1 | . . . . . 1 1 . To Critical Strikes . | . . . . . . . . Average Slot Usage (%) 24 | . 28 28 28 28 26 20 . Treads 20 | . 28 28 28 28 18 13 . Protection 4 | . . . . . 8 5 . Naked Turns . | . . . . . . . . Heaviest Build 3 | . . . . . 3 3 . Greatest Support 3 | 3 3 3 3 3 3 3 3 Greatest Overweight (x) . | . . . . . . . . Average Overweight (x) . | . . . . . . . . Largest Inventory Capacity 5 | 5 5 5 5 5 5 5 5 Average Capacity 5 | 5 5 5 5 5 5 5 5 Most Carried 5 | . . . . . 3 5 5 Average Carried 1 | . . . . . 1 4 5 Final Capacity 5 | 5 5 5 5 5 5 5 5 Final Carried 5 | . . . . . 3 5 5 Class Distribution -------------------- 100% | Mutant Dominant Class ---------------- Mutant | -10/Materials Mutant | -10/Mines Mutant | -10/Exiles Mutant | -9/Mines Mutant | -8/Materials Mutant | -7/Factory Mutant | -6/Factory Resources | -11 -10 -10 -10 -9 -8 -7 -6 ----------- Run | Jun Mat Min Exi Min Mat Fac Fac Matter Collected 202 | 151 . . . 32 . 19 . Remotely . | . . . . . . . . Salvage Created 57 | . . . . . 25 32 . Parts 10 | . . . . . 6 4 . Haulers Intercepted . | . . . . . . . . Recyclers Shooed . | . . . . . . . . Parts Field Recycled . | . . . . . . . . Retrieved Matter . | . . . . . . . . Parts Self-Destructed . | . . . . . . . . Prevented . | . . . . . . . . Kills | -11 -10 -10 -10 -9 -8 -7 -6 ------- Run | Jun Mat Min Exi Min Mat Fac Fac Combat Hostiles Destroyed 8 | . . . . . 4 4 . AOE 8 | . . . . . 4 4 . Classes Destroyed 2 | . . . . . 2 . . Worker 1 | . . . . . 1 . . Swarmer 8 | . . . . . 4 4 . Best Kill Streak 5 | . . . . . 5 4 . Combat Bots Only 4 | . . . . . 4 4 . Max Kills in Single Turn 3 | . . . . . 3 2 . Gunslinging . | . . . . . . . . Exploded 3 | . . . . . 3 2 . Melee . | . . . . . . . . Uniques/NPCs Destroyed . | . . . . . . . . Combat | -11 -10 -10 -10 -9 -8 -7 -6 -------- Run | Jun Mat Min Exi Min Mat Fac Fac Damage Taken 981 | . . 27 . . 458 496 . Core 290 | . . . . . 143 147 . Absorbed by Shields . | . . . . . . . . Core Remaining (%) 88 | 100 . . . 100 74 79 . Volleys Fired 6 | . . . . . 2 4 . Largest 1 | . . . . . 1 1 . Hottest 36 | . . . . . 36 36 . Shots Fired 6 | . . . . . 2 4 . Gun . | . . . . . . . . Cannon . | . . . . . . . . Launcher 6 | . . . . . 2 4 . Special . | . . . . . . . . Kinetic . | . . . . . . . . Thermal . | . . . . . . . . Explosive 6 | . . . . . 2 4 . Electromagnetic . | . . . . . . . . Robot Hit Streak 2 | . . . . . 1 2 . Robot Miss Streak . | . . . . . . . . Penetration Max . | . . . . . . . . Secondary Targets . | . . . . . . . . Shots Hit Robots 2 | . . . . . 1 1 . Core Hits 12 | . . . . . 7 5 . Critical Kills . | . . . . . . . . Critical Parts Destroyed . | . . . . . . . . Critical Strikes . | . . . . . . . . Melee Attacks . | . . . . . . . . Impact . | . . . . . . . . Slashing . | . . . . . . . . Piercing . | . . . . . . . . Sneak Attacks . | . . . . . . . . Combat Hostiles . | . . . . . . . . Follow-up Attacks . | . . . . . . . . Damage Inflicted 801 | . . . . . 406 395 . Guns . | . . . . . . . . Cannons . | . . . . . . . . Explosions 767 | . . . . . 382 385 . Melee . | . . . . . . . . Ramming 34 | . . . . . 24 10 . Kinetic . | . . . . . . . . Thermal . | . . . . . . . . Explosive 767 | . . . . . 382 385 . Electromagnetic . | . . . . . . . . Impact . | . . . . . . . . Slashing . | . . . . . . . . Piercing . | . . . . . . . . Highest Corruption . | . . . . . . . . Average Corruption . | . . . . . . . . Corruption Purged . | . . . . . . . . Corruption Blocked . | . . . . . . . . Overload Shots . | . . . . . . . . Overflow Damage 54 | . . . . . 6 48 . Projectiles . | . . . . . . . . Explosions 54 | . . . . . 6 48 . Melee . | . . . . . . . . Knockbacks . | . . . . . . . . Impact . | . . . . . . . . Kinetic . | . . . . . . . . Secondary . | . . . . . . . . Self-Inflicted Damage 102 | . . . . . 11 91 . Shots 3 | . . . . . . 3 . Rammed 11 | . . . . . 7 4 . Targets Rammed 11 | . . . . . 7 4 . Kicked . | . . . . . . . . Crushed . | . . . . . . . . Highest Temperature 7 | . . . . . 7 4 . Average Temperature 5 | . . . . . 7 4 . Received Heat Transfer 261 | . . . . . 153 108 . Siege Activations . | . . . . . . . . Robots Corrupted . | . . . . . . . . Combat Hostiles . | . . . . . . . . Parts Fried . | . . . . . . . . Impact Corruptions . | . . . . . . . . Robots Melted . | . . . . . . . . Combat Hostiles . | . . . . . . . . Parts Melted . | . . . . . . . . Heat Transferred . | . . . . . . . . Parts Sabotaged . | . . . . . . . . Parts Stolen . | . . . . . . . . Parts Stripped . | . . . . . . . . Power Chain Reactions . | . . . . . . . . Missiles Intercepted . | . . . . . . . . Alert | -11 -10 -10 -10 -9 -8 -7 -6 ------- Run | Jun Mat Min Exi Min Mat Fac Fac Peak Influence 444 | . . . . . 337 444 217 Initial 217 | . . . . . . 148 217 Average 154 | . . . . . 121 261 217 Maximum Alert Level 2 | . . . . . 1 2 1 Low Security (%) 71 | 100 100 100 . 100 86 43 . Level 1 23 | . . . . . 13 44 100 Level 2 4 | . . . . . . 11 . Level 3 . | . . . . . . . . Level 4 . | . . . . . . . . Level 5 . | . . . . . . . . High Security . | . . . . . . . . Max Security . | . . . . . . . . Squads Dispatched 7 | . . . . . 1 6 . Investigation 5 | . . . . . . 5 . Extermination . | . . . . . . . . Reinforcement 2 | . . . . . 1 1 . Assault . | . . . . . . . . Garrison . | . . . . . . . . Intercept . | . . . . . . . . Searches Triggered . | . . . . . . . . Construction Impeded . | . . . . . . . . Haulers Reinforced . | . . . . . . . . Active Scanning Responses . | . . . . . . . . Cargo Convoy Interrupts . | . . . . . . . . Stealth | -11 -10 -10 -10 -9 -8 -7 -6 --------- Run | Jun Mat Min Exi Min Mat Fac Fac Distress Signals 1 | . . . . . 1 . . Communications Jammed . | . . . . . . . . Distress Signals . | . . . . . . . . Times Spotted 46 | . . 3 . . 23 20 . Peak Tracking Total 13 | . . 3 . . 13 10 . Tactical Retreats 6 | . . . . . 4 2 . Traps | -11 -10 -10 -10 -9 -8 -7 -6 ------- Run | Jun Mat Min Exi Min Mat Fac Fac Traps Triggered 1 | . . . . . . 1 . Indirectly . | . . . . . . . . Trap Hack Attempts . | . . . . . . . . Triggered . | . . . . . . . . Disarmed . | . . . . . . . . Reprogrammed . | . . . . . . . . Reused . | . . . . . . . . Traps Extracted . | . . . . . . . . Installed . | . . . . . . . . Triggered . | . . . . . . . . Machines | -11 -10 -10 -10 -9 -8 -7 -6 ---------- Run | Jun Mat Min Exi Min Mat Fac Fac Machines Disabled 1 | . . . . . . 1 . Max in Single Turn 1 | . . . . . . 1 . Machines Repaired . | . . . . . . . . Machines Sabotaged . | . . . . . . . . Overloaded Fab Kills . | . . . . . . . . Hacking | -11 -10 -10 -10 -9 -8 -7 -6 --------- Run | Jun Mat Min Exi Min Mat Fac Fac Machines Accessed 5 | . . . . . . 5 . Terminals 3 | . . . . . . 3 . Fabricators . | . . . . . . . . Repair Stations . | . . . . . . . . Recycling Units 1 | . . . . . . 1 . Scanalyzers . | . . . . . . . . Garrison Access 1 | . . . . . . 1 . Total Hacks 9 | . . . . . . 9 . Successful 1 | . . . . . . 1 . Failed 8 | . . . . . . 8 . Catastrophic . | . . . . . . . . Database Lockouts . | . . . . . . . . Manual 5 | . . . . . . 5 . Terminals 6 | . . . . . . 6 . Fabricators . | . . . . . . . . Repair Stations . | . . . . . . . . Recycling Units 1 | . . . . . . 1 . Scanalyzers . | . . . . . . . . Garrison Access 2 | . . . . . . 2 . Terminal Hacks . | . . . . . . . . Fabricator Hacks . | . . . . . . . . Repair Station Hacks . | . . . . . . . . Recycling Unit Hacks . | . . . . . . . . Scanalyzer . | . . . . . . . . Garrison Access Hacks . | . . . . . . . . Unauthorized Hacks 1 | . . . . . . 1 . Terminals . | . . . . . . . . Fabricators . | . . . . . . . . Repair Stations . | . . . . . . . . Recycling Units 1 | . . . . . . 1 . Tunnel 1 | . . . . . . 1 . Scanalyzers . | . . . . . . . . Garrison Access . | . . . . . . . . Data Cores Recovered . | . . . . . . . . Used . | . . . . . . . . Hacking Detections 4 | . . . . . . 4 . Full Trace Events 4 | . . . . . . 4 . Feedback Events . | . . . . . . . . Feedback Blocked . | . . . . . . . . Robot Schematics Acquired . | . . . . . . . . Robots Built . | . . . . . . . . Authchips . | . . . . . . . . Time . | . . . . . . . . Total Robot Build Rating . | . . . . . . . . Part Schematics Acquired . | . . . . . . . . Parts Built . | . . . . . . . . Authchips . | . . . . . . . . Time . | . . . . . . . . Total Part Build Rating . | . . . . . . . . Parts Repaired . | . . . . . . . . Time . | . . . . . . . . Parts Recycled . | . . . . . . . . Recycled Matter . | . . . . . . . . Retrieved Matter . | . . . . . . . . Retrieved Components . | . . . . . . . . Parts Scanalyzed . | . . . . . . . . Part Schematics Acquired . | . . . . . . . . Parts Damaged . | . . . . . . . . Bothacking | -11 -10 -10 -10 -9 -8 -7 -6 ------------ Run | Jun Mat Min Exi Min Mat Fac Fac Used RIF Installer . | . . . . . . . . Robots Hacked . | . . . . . . . . Non-combat . | . . . . . . . . Combat . | . . . . . . . . Robot Hacks Applied . | . . . . . . . . Relay Couplers Released . | . . . . . . . . Fabnet Peak Effective % . | . . . . . . . . Robots Rewired . | . . . . . . . . Allies Hacked . | . . . . . . . . Hacks Repelled . | . . . . . . . . Allies | -11 -10 -10 -10 -9 -8 -7 -6 -------- Run | Jun Mat Min Exi Min Mat Fac Fac Total Allies . | . . . . . . . . Largest Group . | . . . . . . . . Highest-Rated Group . | . . . . . . . . Highest-Rated Ally . | . . . . . . . . Total Orders . | . . . . . . . . Ally Attacks . | . . . . . . . . Total Damage . | . . . . . . . . Kills . | . . . . . . . . Allies Corrupted . | . . . . . . . . Allies Melted . | . . . . . . . . Intel | -11 -10 -10 -10 -9 -8 -7 -6 ------- Run | Jun Mat Min Exi Min Mat Fac Fac Robot Analysis Total . | . . . . . . . . Derelict Logs Recovered 1 | . . . . 1 . . . Drone Launches . | . . . . . . . . Drone Recoveries . | . . . . . . . . Exploration | -11 -10 -10 -10 -9 -8 -7 -6 ------------- Run | Jun Mat Min Exi Min Mat Fac Fac Turns Passed 548 | 20 13 10 126 37 171 169 2 Spaces Moved 997 | 34 26 19 252 74 299 290 3 Core 997 | 34 26 19 252 74 299 290 3 Treads . | . . . . . . . . Legs . | . . . . . . . . Wheels . | . . . . . . . . Hover . | . . . . . . . . Flight . | . . . . . . . . Fastest Speed 50 | 50 50 50 50 50 50 50 50 Average Speed 50 | 50 50 50 50 50 50 50 50 Slowest Speed 50 | 50 50 50 50 50 50 50 50 Overloaded Moves . | . . . . . . . . Propulsion Burnouts . | . . . . . . . . Robots Hopped . | . . . . . . . . Cave-ins Triggered . | . . . . . . . . Exploration Rate (%) 23 | 3 13 7 73 23 49 15 1 Regions Visited 7 Branch Regions 3 Pre-discovered Areas 1 | . . . . . . 1 . Known Exits Taken . | . . . . . . . . Unknown Exits Taken 7 | 1 1 1 1 1 1 1 . Scrap Searched 1 | . . . . 1 . . . Spaces Dug 21 | . . . . . . 21 . Terrain Destroyed 55 | . . . . . 15 40 . Melee . | . . . . . . . . Projectile . | . . . . . . . . AOE 55 | . . . . . 15 40 . Terrain Rammed . | . . . . . . . . Walls Destroyed . | . . . . . . . . Machines Disabled . | . . . . . . . . Actions | -11 -10 -10 -10 -9 -8 -7 -6 --------- Run | Jun Mat Min Exi Min Mat Fac Fac Total 1031 | 35 25 18 251 73 317 309 3 Wait . | . . . . . . . . Move 990 | 33 25 18 251 73 298 289 3 Hop . | . . . . . . . . Pick Up 6 | . . . . . 3 3 . Fast Attach 6 | 2 . . . . 2 2 . Attach 3 | . . . . . 1 2 . Detach 3 | . . . . . 1 2 . Swap 1 | . . . . . . 1 . Drop 3 | . . . . . 1 2 . Fire 6 | . . . . . 2 4 . Melee . | . . . . . . . . Ram 11 | . . . . . 7 4 . Kick . | . . . . . . . . Crush . | . . . . . . . . Escape Stasis . | . . . . . . . . Rewire 2 | . . . . . 2 . . Trap . | . . . . . . . . Miscellaneous . | . . . . . . . . Route ------- -11/Junkyard -10/Materials -10/Mines -10/Exiles (discovered 2 exits: [*Min x2]) -9/Mines -8/Materials -7/Factory -6/Factory History --------- Turn | Location | Event 2 | -11/Junkyard | Discovered new exit (range 16) 21 | -11/Junkyard | Entered Materials 27 | -10/Materials | Discovered new exit (range 15) 34 | -10/Materials | Entered Mines 42 | -10/Mines | Deemed a non-threat by the Exiles lab entrance 42 | -10/Mines | Discovered new exit (range 5) 44 | -10/Mines | Entered Exiles 44 | -10/Exiles | Found Exiles lab abandoned 52 | -10/Exiles | Discovered new exit (range 15) 164 | -10/Exiles | Discovered new exit (range 10) 170 | -10/Exiles | Entered Mines 202 | -9/Mines | Discovered new exit (range 13) 207 | -9/Mines | Entered Materials 207 | -8/Materials | Evolved 4 slots: Power x1, Utility x3 311 | -8/Materials | Build established: Mutant 370 | -8/Materials | Discovered new exit (range 16) 378 | -8/Materials | Entered Factory 378 | -7/Factory | Evolved 2 slots: Utility x2 541 | -7/Factory | Discovered new exit (range 13) 547 | -7/Factory | Entered another Factory area 547 | -6/Factory | Evolved 2 slots: Utility x2 549 | -6/Factory | Self-destructed Last Messages --------------- DISCOVERED[-9/Recycling] 00496_ ALERT: Suspicious activity at Recycling Unit F004. Dispatching Investigation squad. 00498_ K-01 Serf cleans the Fusion Modulator. 00515_ Imp. Light Armor Plating destroyed. 00527_ O-24 Administrator: "IFF HANDSHAKE FAILED. SECURING TERMINAL." 00531_ O-24 Administrator uses terminal to summon reinforcements. 00531_ ALERT: Hostiles spotted, dispatching reinforcements to Terminal F001. 00531_ O-24 Administrator locks terminal. 00534_ Connecting with Fabricator... 00536_ U-05 Engineer destroyed. 00537_ K-01 Serf collects debris. 00538_ Slug penetrates A-02 Transporter. 00538_ A-02 Transporter suffers critical hit (Destroy). 00541_ EXIT=FOUND 00541_ Penetrated by Slug. PARAMETERS=UTILITY+2 LOCATION=UNKNOWN GOAL=ESCAPE Map ----- +----------------------------------------------------+ | ?????????????????????????????????????????????????? | | ?????????????????????????????????????????????????? | | ?????????????????????????????????????????????????? | | ?????????????????????????????????????????????????? | | ?????????????????????????????????????????????????? | | ?????????????????????????????????????????????????? | | ?????????????????????????????????????????????????? | | ????????????????????????? ?????????????????????? | | ??????????????????????? ?????????????????????? | | ???????????????????? ?????????????????????? | | ?????????????????? #????????????????????? | | ???????????????? #????????????????????? | | ???????????????# #????????????????????? | | ???????????????# #????????????????????? | | ???????????????# #????????????????????? | | ???????????????# #????????????????????? | | ???????????????# +????????????????????? | | ???????????????# #????????????????????? | | ???????????????# #????????????????????? | | ???????????????# ###??????????????????? | | ???????????????# #??????????????????? | | ???????????????# #??????????????????? | | ???????????????+ #??????????????????? | | ???????????????# #??????????????????? | | ???????????????# #??????????????????? | | ???????????????# ######@#####??????????????????? | | ???????????????#??????? ?????????????????????? | | ????????????????????? ???????????????????? | | ???????????????????# ?????????????????? | | ???????????????????# #????????????????? | | ???????????????????# #????????????????? | | ???????????????????# #????????????????? | | ???????????????????# #????????????????? | | ???????????????????# #????????????????? | | ???????????????????# #????????????????? | | ???????????????????# #????????????????? | | ???????????????????# #????????????????? | | ???????????????????# #????????????????? | | ???????????????????##############????????????????? | | ?????????????????????????????????????????????????? | | ?????????????????????????????????????????????????? | | ?????????????????????????????????????????????????? | | ?????????????????????????????????????????????????? | | ?????????????????????????????????????????????????? | | ?????????????????????????????????????????????????? | | ?????????????????????????????????????????????????? | | | | | | | | | +----------------------------------------------------+ Best States ------------- Heat Dissipation 34 Energy Generation 5 Energy Capacity 100 Matter Stores 279 Matter Capacity 300 Sight Range 16 Terrain Scan Density 10 Armor Coverage 150 Evasion (%) 50 Item Schematics ----------------- None Robot Schematics ------------------ None Fabricated ------------ Nothing Alien Tech Used ----------------- None Achievements -------------- None Challenges ------------ None Game ------ Seed SurveybotActuatorArchive Manual? 0 Play Time 00:06:02 Cumulative 174.6 hours Start 2023.05.05 @ 07:30:37 End 2023.05.05 @ 07:36:36 Sessions 1 Manual Loads 0 Difficulty Rogue Special Mode None Game No. 520 Rogue 520 Adventurer 0 Explorer 0 Win Type - Total 8 Types 7/0/0/1/0/0/0/0/0 Lore% 71 Gallery% 74 Achievement% 65 Wizard Run 0 Options --------- ASCII 0 Keyboard 0 Movement Numpad Keybinds 0 Fullscreen 1 Font 16/SmallcapsGlow Map View 75x55 Tactical HUD 1 Map Filters NONE Filters NONE Steam 1 RUN: 5ac9d342-ff1b-4795-9e46-3d19f9c8c0af